[Event "2nd Bundesliga Nord 2024-25"]
[Site "Germany"]
[Date "2025.02.23"]
[Round "9.11"]
[White "Onyshchuk, Volodymyr"]
[Black "Schlecht, Daniel"]
[Result "1-0"]
[Annotator "TA"]
[ECO "A07"]
[WhiteElo "2610"]
[BlackElo "2372"]
[PlyCount "55"]
[EventDate "2024.11.29"]
[EventType "team-tourn"]
[EventCountry "GER"]
[SourceTitle "playchess.com"]
[Source "ChessBase"]
[SourceQuality "1"]
[TimeControl "40/5400+30:1800+30"]

1. Nf3 d5 2. g3 Nf6 3. Bg2 e6 4. O-O Be7 5. d3 O-O 6. Qe1 {[%emt 0:11:58] A07: Réti Opening: New York and Capablanca Systems.} c5 7. e4 Nc6 8. e5 {[%emt 0:04:25] The position is equal.} Nd7 9. h4 b5 10. Bf4 Bb7 11. Nbd2 Nb4 12. Qd1 Qc7 13. Re1 Rfc8 14. a3 Nc6 15. Nf1 a5 $146 ({Predecessor:} 15... Qd8 16. h5 h6 17. Qd2 a5 18. g4 Ra6 19. Re2 a4 20. N1h2 b4 21. Kh1 bxa3 22. bxa3 Rb6 23. Rg1 c4 {1-0 Amin,B (2682)-Yakubboev,N (2617) Julius Baer Rapid Div 2 L 2023 (4.1)}) 16. Ne3 Qd8 ({Stronger than} 16... Ncxe5 17. Nxe5 Nxe5 18. c4 $16 (18. Ng4 f6 $16)) 17. Ng4 a4 18. c3 Nb6 (18... Na5 $15) 19. Ng5 Qe8 $2 {[%emt 0:16:29][%mdl 8192] [#] A mistake that costs the game.} (19... Ba6 $15 {stays ahead.}) 20. Nf6+ $1 $18 gxf6 21. exf6 {[%emt 0:00:08] Qh5 would kill now.} Bxf6 (21... Nd7 $142) 22. Qh5 h6 (22... e5 23. Qxh7+ (23. Nxh7 Bg7 $15) 23... Kf8) 23. Qxh6 {[%emt 0:01:33] Strongly threatening Qh7+.} Bxg5 24. Qxg5+ (24. Bxg5 Qf8 25. Qh5 Qg7 $19) 24... Kh7 25. Qh6+ $40 {[%emt 0:05:13][%mdl 128] White has strong attack.} Kg8 {[%emt 0:00:07] [#]} 26. Re5 $1 Nxe5 (26... f6 27. Rh5) 27. Bxe5 f6 28. Bxf6 {[%emt 0:00:30] Weighted Error Value: White=0.45/Black=1.08  Loses game:     	---       	Black=1      Mistake:       	---       	Black=3      Inaccurate:     	White=2     	Black=2      OK:         	White=4     	Black=6      Best:        	White=2     	Black=1      Brilliant:      	White=1     	---} 1-0

[Event "2nd Bundesliga Nord 2024-25"]
[Site "Germany"]
[Date "2025.02.23"]
[Round "9.12"]
[White "Bashylina, Luisa"]
[Black "Motylev, Alexander"]
[Result "1/2-1/2"]
[Annotator "TA"]
[ECO "E49"]
[WhiteElo "2105"]
[BlackElo "2603"]
[PlyCount "74"]
[EventDate "2024.11.29"]
[EventType "team-tourn"]
[EventCountry "GER"]
[SourceTitle "playchess.com"]
[Source "ChessBase"]
[SourceQuality "1"]
[TimeControl "40/5400+30:1800+30"]

1. d4 Nf6 2. c4 e6 3. Nc3 Bb4 4. e3 O-O 5. Bd3 d5 6. Nge2 dxc4 7. Bxc4 c5 8. a3 Bxc3+ 9. bxc3 Qc7 10. Bd3 Nc6 11. f4 {[%emt 0:02:20] E49: Nimzo-Indian: Rubinstein: 5 Bd3 d5 6 a3 Bxc3+ 7 bxc3.} b6 12. O-O Ne7 13. Ng3 Bb7 14. c4 cxd4 15. exd4 Nf5 16. Nxf5 {[%emt 0:00:22] Successful Defense White} exf5 17. a4 $146 ({Predecessor:} 17. Bb2 Be4 18. d5 Bxd3 19. Qxd3 Ne4 20. Be5 {½-½ Zemach,N (2384)-Samadov,R (2509) Dortmund Sparkassen op-A 51st 2024 (6)}) 17... Be4 18. Bb2 Rac8 19. Rc1 Bxd3 20. Qxd3 Ne4 21. g3 Rfd8 22. Rfd1 Rd6 $1 23. d5 {[%emt 0:05:14][%cal Oa4a5] [#]} Rg6 $1 24. Be5 (24. a5 $1 $15) 24... Qc5+ 25. Qd4 {[%emt 0:01:14][%csl Oe4] Strong Square Black (e4)} (25. Bd4 $15 {might be stronger.} Qb4 26. Be5) 25... Qa3 $17 {[%emt 0:08:44][%cal Oe4g3] Hoping for ...Nxg3!.} 26. Ra1 {[%emt 0:06:44] [#]} ({White should play} 26. Qd3 Qxa4 27. Ra1) 26... Rxg3+ 27. hxg3 $11 {[%emt 0:00:33] The position is equal.} Qxg3+ 28. Kf1 Qf3+ 29. Kg1 $1 Qg4+ 30. Kf1 Rxc4 31. Rac1 {[%emt 0:02:51] Wards off Rc2} Qf3+ (31... Rxd4 32. Rc8#) 32. Kg1 $1 Qg3+ (32... Rxd4 33. Rc8#) 33. Kf1 Qf3+ (33... Rxd4 34. Rc8#) 34. Kg1 $1 Qg3+ (34... Rxd4 35. Rc8#) 35. Kf1 Qh3+ (35... Rxd4 36. Rc8#) 36. Kg1 $1 Qg4+ (36... Rxd4 37. Rc8#) 37. Kf1 {[%emt 0:00:26] And now Qd3 would win.} Qf3+ {[%emt 0:00:34] Weighted Error Value: White=0.11 (very precise) /Black=0.09 (flawless)   Mistake:       	White=3     	Black=1      Inaccurate:     	White=4     	Black=3      OK:         	White=7     	Black=8      Best:        	White=3     	Black=1      Strong:       	White=4     	Black=2} ({Not} 37... Rxd4 38. Rc8#) 1/2-1/2

[Event "2nd Bundesliga Nord 2024-25"]
[Site "Germany"]
[Date "2025.02.23"]
[Round "9.13"]
[White "Sivuk, Vitaly"]
[Black "Schaefer, Markus"]
[Result "1/2-1/2"]
[Annotator "TA"]
[ECO "D60"]
[WhiteElo "2510"]
[BlackElo "2344"]
[PlyCount "108"]
[EventDate "2024.11.29"]
[EventType "team-tourn"]
[EventCountry "GER"]
[SourceTitle "playchess.com"]
[Source "ChessBase"]
[SourceQuality "1"]
[TimeControl "40/5400+30:1800+30"]

1. d4 d5 2. c4 c6 3. Nf3 Nf6 4. Nc3 e6 5. Bg5 Be7 6. e3 O-O 7. Bd3 Nbd7 8. O-O dxc4 9. Bxc4 Nd5 {[%emt 0:00:20] 9...b5 is more fashionable.} 10. Bxe7 Qxe7 11. Ne2 {[%emt 0:10:33] D60: Queen's Gambit Declined: Classical: Unusual White 7th moves.} N5b6 12. Bb3 e5 13. Rc1 {[%emt 0:01:39] White has an edge.} exd4 14. Nfxd4 $146 ({Predecessor:} 14. Qxd4 Nf6 15. Nf4 Bg4 16. Ne5 Rad8 17. Qc3 Nbd7 18. Nxg4 Nxg4 19. Qa5 Qe5 20. Qxa7 {1-0 Sivuk,V (2552)-Mokshanov,A (2442) Cheliabinsk Panchenko Memorial op-A 2021 (4)}) 14... Nc5 15. Bc2 Ne4 16. Nf4 Nf6 17. Qd2 Rd8 {[%emt 0:07:17] [#]} 18. Rfd1 Bg4 19. f3 c5 20. fxg4 cxd4 21. g5 Ng4 22. exd4 Qxg5 23. Bb3 Rac8 {[%emt 0:01:18] Against Rc7} 24. Rxc8 Nxc8 25. h3 Nf6 26. Re1 (26. Qc1 $5 Nd6 27. Nd5 Qxc1 28. Nxf6+ (28. Rxc1 Nxd5 29. Bxd5 Rd7 $11) 28... gxf6 29. Rxc1 $11) 26... Re8 {[%emt 0:00:11] [#]} 27. Rxe8+ Nxe8 28. Qe3 Qe7 29. Qe5 Qxe5 30. dxe5 $11 {[%emt 0:00:06][%cal Of4e6][%mdl 4096] Endgame KBN-KNN} Kf8 31. Kf2 Nc7 32. Ke3 Nb6 33. Kd4 Ke7 34. Nh5 Ne8 35. Ng3 g6 36. Ne4 h6 {[%emt 0:00:51] Wards off Ng5} (36... Nd7 $11 {remains equal.}) 37. Nc5 $16 Ng7 38. g4 {[%emt 0:01:23] Prevents Nf5+. White is more active.} Ne6+ (38... f5 $16) 39. Bxe6 $18 fxe6 40. Nxb7 {[%emt 0:00:13] KN-KN. White is a pawn up.} Nd5 41. Nd6 (41. Ke4 $18) 41... Nf4 $16 42. Nc8+ Kd7 43. Nxa7 Nxh3 44. a4 ({White should play} 44. Nb5 $16) 44... Nf2 $11 {[%emt 0:03:35] The position is equal.} 45. a5 h5 $1 46. gxh5 gxh5 47. Nb5 {[%emt 0:00:00] Black must now prevent Nd6.} (47. b4 $5 h4 $8 48. Ke3 $11) 47... h4 48. a6 {[%emt 0:00:00] Threatening mate with a7.} Kc6 {[%emt 0:00:18][%cal Oh4h3] Threatens to win with ...h3!.} 49. Ke3 (49. a7 $5 Kb7 $8 50. Ke3 Nd1+ 51. Kf4 $11) 49... Nd1+ (49... Kxb5 $2 50. a7 $18 (50. Kxf2 Kxa6 51. Kf3 Kb5 $11)) 50. Kf3 Nxb2 (50... Kxb5 $2 {loses.} 51. a7 $18) 51. Nd4+ Kb6 52. Nxe6 Nc4 53. Kg4 Nxe5+ 54. Kxh4 Kxa6 {[%emt 0:00:03] Black defended with fortune.   Weighted Error Value: White=0.08 (flawless) /Black=0.09 (flawless)   Mistake:       	White=2     	Black=2      OK:         	White=18    	Black=23     Best:        	White=2     	Black=2      Strong:       	---       	Black=1} 1/2-1/2

[Event "2nd Bundesliga Nord 2024-25"]
[Site "Germany"]
[Date "2025.02.23"]
[Round "9.14"]
[White "Zolfagharian, Kevin"]
[Black "Galperin, Platon"]
[Result "0-1"]
[Annotator "TA"]
[ECO "A50"]
[WhiteElo "2215"]
[BlackElo "2495"]
[PlyCount "70"]
[EventDate "2024.11.29"]
[EventType "team-tourn"]
[EventCountry "GER"]
[SourceTitle "playchess.com"]
[Source "ChessBase"]
[SourceQuality "1"]
[TimeControl "40/5400+30:1800+30"]

1. Nf3 Nf6 2. g3 b6 3. Bg2 Bb7 4. O-O g6 5. c4 Bg7 6. Nc3 O-O 7. d4 Ne4 8. Bd2 {[%emt 0:00:05] A50: Queen's Fianchetto Defence (1 d4 Nf6 2 c4 b6).} Nxc3 9. Bxc3 Be4 10. Rc1 {[%emt 0:05:02] The position is equal.} d5 11. c5 $146 ({Predecessor:} 11. Qa4 c6 12. Rfd1 dxc4 13. Qxc4 b5 14. Qb3 a5 15. a4 b4 16. Be1 Qd5 17. Qxd5 Bxd5 {0-1 Frois,A (2273)-Iturrizaga Bonelli,E (2598) Lisbon Portugal rapid 2op 2020 (8)}) 11... bxc5 12. dxc5 Bxc3 13. Rxc3 a5 14. Qd2 c6 15. Qh6 Bxf3 16. Rxf3 e5 17. g4 {[%emt 0:02:29] White is on the road to losing.} f6 18. e4 {[%emt 0:02:51] and exd5 should not be overlooked} d4 {[%emt 0:00:47][%csl Od4] Black has a strong passed pawn} 19. Rh3 Qe7 {[%emt 0:00:25][%cal Ob8a6] Successful Defense Black} 20. f4 ({Better is} 20. Rc1) 20... exf4 21. Qxf4 Nd7 22. Qc7 Rac8 23. Qxa5 {[%emt 0:06:04] [#]} Ne5 {[%emt 0:00:07] Prevents Rd3.} ({Don't take} 23... Nxc5 24. Qb4 Rcd8 25. Rhf3 $17 (25. Rc1 d3 $15)) (23... Qxc5 24. Qxc5 Nxc5 25. b4 $11) 24. Qb4 {[%emt 0:09:48] [#]} Rfd8 $36 {[%emt 0:00:11][%mdl 2048] Black has strong initiative.} (24... Nxg4 25. Qxd4 Ra8 26. Rg3 $16) 25. Rc1 Rb8 26. Qd2 Nxg4 27. Rg3 Ne3 28. b3 (28. b4 $142) 28... Qe5 $19 29. Qd3 Kh8 30. Bh1 (30. Kh1 $142) 30... f5 31. exf5 gxf5 {[%emt 0:00:06] aiming for ...Rg8.} ({Less strong is} 31... Nxf5 32. Rh3 $17) 32. Bxc6 Rbc8 33. Bf3 Rxc5 34. Rxc5 Qxc5 35. Be2 $2 (35. Kh1 $17) 35... f4 {[%emt 0:00:32] Weighted Error Value: White=0.48/Black=0.12 (very precise)   Loses game:     	White=1     	---        Mistake:       	White=3     	---        Inaccurate:     	White=4     	---        OK:         	White=5     	Black=11     Best:        	White=1     	Black=2} 0-1

[Event "2nd Bundesliga Nord 2024-25"]
[Site "Germany"]
[Date "2025.02.23"]
[Round "9.15"]
[White "Vetoshko, Volodymyr"]
[Black "Michalczak, Thomas"]
[Result "1-0"]
[Annotator "TA"]
[ECO "A57"]
[WhiteElo "2529"]
[BlackElo "2194"]
[PlyCount "101"]
[EventDate "2024.11.29"]
[EventType "team-tourn"]
[EventCountry "GER"]
[SourceTitle "playchess.com"]
[Source "ChessBase"]
[SourceQuality "1"]
[TimeControl "40/5400+30:1800+30"]

1. d4 Nf6 2. c4 c5 3. d5 b5 4. cxb5 a6 5. e3 axb5 6. Bxb5 Bb7 7. Nc3 Qa5 8. Bd2 e6 {[%emt 0:00:31] A57: Benko/Volga Gambit.} (8... Qb6 $1 $11) 9. Nge2 Qb6 10. a4 (10. Nf4 $16) 10... Nxd5 {[%emt 0:03:03] White has an edge.} 11. O-O (11. Nxd5 $14 Bxd5 12. O-O) 11... Be7 (11... Nb4 $11) 12. e4 $146 (12. Nxd5 $14 Bxd5 13. Bc3) (12. Nxd5 Bxd5 13. Bc3 O-O 14. Ng3 f5 15. e4 fxe4 16. Qg4 Bf6 17. Nxe4 Bxe4 18. Qxe4 {½-½ Jacob,V (2275)-Vasilev,M (2480) Tarragona op 4th 2003 (3)}) 12... Nxc3 13. Bxc3 {[%emt 0:00:59] A sharp opening} O-O 14. Qd3 d5 15. a5 Qc7 16. exd5 exd5 (16... Bxd5 $11 17. a6 Bc6) 17. Rfc1 Na6 18. Ng3 (18. b4 $5) 18... d4 {[%emt 0:03:31] [#]} (18... Bg5 $11) 19. Bxd4 $1 $14 Rfd8 20. Qe3 (20. Qc3 $5 Rxd4 21. Bxa6 $16) 20... Rxd4 21. Bxa6 $1 Rb4 (21... Bxa6 $2 22. Qxd4 h6 (22... Qxg3 $2 23. Qe4 $18) 23. Qg4 $18) 22. Bxb7 Qxb7 {[%emt 0:00:43] [#]} 23. a6 $1 Qa7 24. Ra2 Rb6 25. Ne4 Re6 (25... Rxa6 $14 26. Rxa6 Qxa6) 26. g3 (26. Rca1 $16) 26... Qb6 (26... Rb8 $1 $11 {keeps the balance.}) 27. Qd3 (27. Qf4 $1 $16) 27... Qc6 28. f3 Qb6 {[%emt 0:02:19] ...c4+ is the strong threat. Against b4} 29. Qc4 (29. Kf1 Ra7 30. Qc4 Rxa6 31. Qxa6 Qxa6+ 32. Rxa6 Rxa6 33. Nxc5 Rh6 34. Rc2) 29... Rc6 (29... Rxa6 $14 30. Qxa6 (30. Nxc5 $2 Rxa2 31. Qxa2 Bxc5+ $19) 30... Qxa6 31. Rxa6 Rxa6) 30. Rca1 $16 {[%emt 0:00:44] White is more active.} Ra7 (30... Qa7 $16 31. Kh1 Re6) 31. Kg2 (31. Nc3 $18) 31... Qc7 (31... Qb4 $16 32. Qe2 Bf8) 32. Nc3 Qc8 (32... Qd7 $16 33. Kh1 Rd6) 33. Nd5 (33. Nb5 $18 Ra8 (33... Raxa6 $2 34. Na7 $18) 34. a7) 33... Bd8 $2 (33... Bf8 $16) 34. Re1 Qd7 {[%emt 0:00:24] Prevents Re8+} (34... Kf8 {is a better defense.} 35. b4 Raxa6) 35. b3 Rd6 $2 {[%emt 0:00:17] [#]} (35... h5 36. Qd3 h4) 36. Rae2 $2 h6 37. Nf4 (37. Re8+ $6 Kh7 $16) ({White should play} 37. Re7 $18 Bxe7 38. Rxe7 Rxd5 39. Rxd7 Raxd7 40. b4) 37... Rc6 $2 (37... Rdxa6 $14 38. Nd3 (38. Qxc5 Rd6 $11) 38... Bb6) 38. Re8+ $18 {[%emt 0:00:22] Black is weak on the light squares} Kh7 39. Qc2+ $2 (39. Qe4+ $18 g6 40. Rxd8 Qxd8 41. Qxc6) 39... g6 $11 40. R8e5 $40 {[%emt 0:00:31][%mdl 128] Black needs to defend precisely.} (40. R1e2 {is more complex.} Bf6 41. h4 Rcxa6 42. Qxc5 Ra2 43. Rxa2 Rxa2+ 44. Re2) 40... Qc8 41. Qc4 {[%emt 0:30:27] Re8 is the strong threat.} Qxa6 42. Rxc5 Rxc5 (42... Qxc4 {simplifies} 43. Rxc4 Rd6 44. Re2 Ra3) 43. Qxc5 Bg5 44. Nd5 Qa2+ 45. Kh3 Rb7 $2 {[%emt 0:04:01][%mdl 8192] [#]} ({Better is} 45... Ra8 $14) 46. f4 $1 $18 Qd2 {[%emt 0:05:37] [#]} 47. Re5 f5 $2 (47... Qd1 $18) 48. fxg5 {[%emt 0:00:00] White mates.} hxg5 49. Nf6+ Kg7 50. Re7+ Kh6 51. Rh7+ {[%emt 0:01:13][%mdl 32768] Weighted Error Value: White=0.49/Black=0.79 Loss on time!?  Loses game:     	---       	Black=2      Mistake:       	White=8     	Black=13     Inaccurate:     	White=6     	Black=4      OK:         	White=9     	Black=11     Best:        	White=2     	Black=3      Strong:       	White=2     	---} 1-0

[Event "2nd Bundesliga Nord 2024-25"]
[Site "Germany"]
[Date "2025.02.23"]
[Round "9.16"]
[White "Kniest, Oliver"]
[Black "Bogdanov, Egor"]
[Result "0-1"]
[Annotator "TA"]
[ECO "E33"]
[WhiteElo "2188"]
[BlackElo "2489"]
[PlyCount "98"]
[EventDate "2024.11.29"]
[EventType "team-tourn"]
[EventCountry "GER"]
[SourceTitle "playchess.com"]
[Source "ChessBase"]
[SourceQuality "1"]
[TimeControl "40/5400+30:1800+30"]

1. d4 Nf6 2. c4 e6 3. Nc3 Bb4 4. Qc2 Nc6 5. Nf3 d6 6. Bd2 Qe7 7. a3 Bxc3 8. Bxc3 e5 9. dxe5 {[%emt 0:04:59] White is slightly better.} dxe5 10. e3 a5 11. b3 O-O 12. Be2 Bg4 13. O-O Rfe8 14. h3 Bh5 15. Rfd1 Bg6 16. Qb2 Ne4 17. Be1 Ng5 18. b4 Be4 19. Nxg5 Qxg5 {[%emt 0:00:03][%csl Ge4][%cal Rg5g2] [#]} 20. Bf1 a4 (20... Nd8 $11 {deserves consideration.}) 21. Kh2 $16 Nd8 22. f3 Bf5 23. Bg3 Qe7 24. e4 Bg6 25. Rd5 f6 26. Rad1 Ne6 $1 27. Rd7 Qf8 28. Bf2 Re7 29. c5 Rxd7 30. Rxd7 Be8 31. Rd1 Bf7 32. Bc4 Qe8 {[%emt 0:01:20] Dodges Rd7} 33. b5 Nd8 34. Qb4 {[%emt 0:01:05] White has space advantage and is better} h6 35. Rd2 Bxc4 36. Qxc4+ Kh7 37. Qd3 Ne6 {[%emt 0:01:06] Not much happening anymore} 38. Qd7 Qg8 $1 39. Be3 (39. c6 $2 Rd8 $19) (39. Rc2 $11) 39... Rd8 $15 40. Qe7 {[%emt 0:00:02] Rxd8 is the strong threat.} Rxd2 41. Bxd2 {[%emt 0:30:02][%mdl 4096] Endgame KQB-KQN} Nd4 $36 {[%emt 0:30:45][%mdl 2048] Black has the initiative.} 42. c6 (42. Qxc7 $2 Qa2 43. Qa5 Nb3 $19 (43... Qxa3 44. c6 $15)) (42. Be3 $1 $15) 42... Qa2 $17 43. Qb4 (43. cxb7 $2 Qxd2 44. Qc5 (44. b8=B Nxf3+ 45. Kg3 Nh4) 44... Nxf3+ 45. Kg3 Qf4+ 46. Kf2 Nd4+ (46... Nh4+ $2 47. Kg1 $19) 47. Kg1 Ne2+ (47... Qxe4 48. b8=Q $11) 48. Kh1 Qf1+ (48... Qxe4 49. b8=Q $11) 49. Kh2 Nf4 $19) 43... b6 {[%emt 0:00:00] Threatens to win with ...Qb3.} 44. Kg3 $2 {[%emt 0:00:00] This move loses the game for White.} (44. f4 $17) 44... Qb3 $19 45. Qe7 $2 (45. Qf8 {was necessary.}) 45... Qd1 {[%emt 0:00:00] ( -> ...Qg1)} 46. Bb4 $2 {[%emt 0:00:00] [#]} (46. Qb4 $19) 46... Qg1 {[%emt 0:00:00] Black mates.} (46... Nxb5 47. Qd7 Nd4 48. Bf8 (48. Qxc7 Ne2+ 49. Kf2 Nf4 50. Kg3 Qg1) 48... Qe1+ 49. Kh2 Nxf3+ 50. gxf3 Qf2+ 51. Kh1 Qf1+ (51... Qxf3+ 52. Kg1 $11) 52. Kh2 Qf2+ (52... Qxf3 53. Qxg7#) 53. Kh1 Qf1+ 54. Kh2 Qf2+ $11) 47. Qd7 Ne2+ (47... Nxb5 48. Bf8 Qe1+ 49. Kh2) 48. Kh4 Qf2+ ({Less strong is} 48... Qxg2 49. Qf5+ Qg6 50. Bd6 Qxf5 (50... cxd6 $2 {is the wrong capture.} 51. Qxg6+ Kxg6 52. c7 $18) 51. exf5 $17) 49. Kh5 Nf4+ {[%emt 0:00:00] Weighted Error Value: White=0.31/Black=0.11 (very precise)   Loses game:     	White=1     	---        Mistake:       	White=4     	Black=1      Inaccurate:     	White=2     	Black=2      OK:         	White=12    	Black=22     Best:        	---       	Black=1      Strong:       	---       	Black=2} 0-1